[Event "Titled Tuesday Blitz August 31 2021"]
[White "Ovezdurdyyeva, Jemal"]
[Black "Khoroshev, Nikita"]
[WhiteFideId "14001888"]
[BlackFideId "14200287"]
[WhiteElo "1946"]
[BlackElo "2328"]
[Result "0-1"]
[Round "02"]
[TimeControl "180+1"]
[Date "2021.08.31"]
[WhiteClock "0:00:26"]
[BlackClock "0:00:09"]

1. e4 e5 2. Nf3 Nc6 3. Bb5 Nf6 4. O-O Nxe4 5. d4 Nd6 6. Bxc6 dxc6 7. dxe5 Nf5 8. Qxd8+ Kxd8 9. Nc3 Be6 10. Ng5 Be7 11. Nxe6+ fxe6 12. Ne4 Ke8 13. Bf4 Nd4 14. g3 Nxc2 15. Rad1 Nb4 16. a3 Nd5 17. Bg5 Rf8 18. Rd3 Rd8 19. Rfd1 h6 20. Bxe7 Kxe7 21. f4 Rf5 22. h4 Rg8 23. b4 Ra8 24. Rc1 a5 25. b5 Rd8 26. bxc6 b6 27. Rcd1 Rff8 28. Kg2 Rxf4 29. Nf2 Rf5 30. Re1 Rdf8 31. Rd2 Rf3 32. a4 Ra3 33. Rd4 Ra2 0-1


[Site "https://www.chess.com"]

[Event "Titled Tuesday Blitz August 31 2021"]
[White "Pajeken, Jakob Leon"]
[Black "Papasimakopoulos, Alexandros"]
[WhiteFideId "12942839"]
[BlackFideId "4244125"]
[WhiteElo "2231"]
[BlackElo "2352"]
[Result "1-0"]
[Round "02"]
[TimeControl "180+1"]
[Date "2021.08.31"]
[WhiteClock "0:00:09"]
[BlackClock "0:00:05"]

1. d4 e6 2. Nf3 Nf6 3. Bf4 c5 4. e3 Qb6 5. Na3 d5 6. Nb5 Na6 7. a4 c4 8. Be2 Bd7 9. O-O Bxb5 10. axb5 Qxb5 11. b3 Nd7 12. bxc4 dxc4 13. Rb1 Qc6 14. Nd2 Nb4 15. Nxc4 Be7 16. c3 Nd5 17. Ne5 Nxc3 18. Nxc6 Nxd1 19. Rxb7 Nc3 20. Bf3 Nd5 21. Bg3 a5 22. e4 Nb4 23. d5 Nxc6 24. dxc6 Nc5 25. Rb5 O-O 26. c7 Rfc8 27. Rfb1 Nd7 28. Rb8 a4 29. Rxa8 Rxa8 30. Rd1 Nf8 31. Rb1 Rc8 32. Rb8 Rxc7 33. Bxc7 a3 34. Ra8 f6 35. Bg4 Kf7 36. e5 f5 37. Bf3 Nd7 38. Bd6 Bxd6 39. exd6 e5 40. Bd5+ Kf6 41. Rxa3 e4 42. f3 Ke5 43. fxe4 fxe4 44. Ba8 Kxd6 45. Bxe4 h6 46. Bg6 Ne5 47. Be4 Nc4 48. Ra6+ Ke5 49. Bf3 Nd2 50. Kf2 Nb3 51. Ke3 Kf5 52. Rb6 Nc1 53. Rb5+ Kf6 54. Kd2 Na2 55. Kc2 1-0


[Site "https://www.chess.com"]

[Event "Titled Tuesday Blitz August 31 2021"]
[White "Palchuk, Andrii"]
[Black "Gunina, Valentina"]
[WhiteFideId "14176688"]
[BlackFideId "4167570"]
[WhiteElo "2320"]
[BlackElo "2399"]
[Result "0-1"]
[Round "02"]
[TimeControl "180+1"]
[Date "2021.08.31"]
[WhiteClock "0:00:09"]
[BlackClock "0:00:46"]

1. e4 c6 2. d4 d5 3. Nd2 dxe4 4. Nxe4 Nf6 5. Nxf6+ exf6 6. c3 Bd6 7. Bd3 O-O 8. Qc2 Re8+ 9. Ne2 h5 10. Be3 Nd7 11. O-O-O Nf8 12. c4 b5 13. c5 Bc7 14. Kb1 Be6 15. Be4 Qd7 16. Nc3 b4 17. d5 bxc3 18. dxe6 Qxe6 19. Bf5 Qe7 20. Qxc3 Be5 21. Bd4 Rab8 22. Bxe5 Qxe5 23. Qc2 Rb5 24. Rc1 Rxb2+ 25. Qxb2 Rb8 26. Qxb8 Qxb8+ 27. Kc2 Qf4 28. Bd3 Qxf2+ 29. Kb3 Qxg2 30. Rhe1 Ne6 31. Bc4 Nxc5+ 32. Kb4 Qf2 33. Re8+ Kh7 34. Rce1 Ne6 35. Rb1 Qd2+ 36. Ka3 Qc3+ 37. Bb3 Nd4 38. Rd1 Nc2+ 0-1


[Site "https://www.chess.com"]

[Event "Titled Tuesday Blitz August 31 2021"]
[White "Pastar, Slaven"]
[Black "Tsaruk, Maksim"]
[WhiteFideId "14402718"]
[BlackFideId "13511173"]
[WhiteElo "2150"]
[BlackElo "2184"]
[Result "1-0"]
[Round "02"]
[TimeControl "180+1"]
[Date "2021.08.31"]
[WhiteClock "0:00:05"]
[BlackClock "0:00:02"]

1. b3 e5 2. Bb2 Nc6 3. Nf3 e4 4. Nd4 Nxd4 5. Bxd4 d5 6. e3 Nf6 7. c4 dxc4 8. Bxc4 Be7 9. Nc3 O-O 10. Qc2 Bf5 11. O-O c5 12. Be5 Bd6 13. Bg3 Bxg3 14. hxg3 Qd6 15. Nb5 Qc6 16. f3 Bg6 17. f4 Bf5 18. Nc3 Rad8 19. Rad1 Ng4 20. Be2 Qh6 21. Bxg4 Bxg4 22. Rc1 f5 23. Nb5 Be2 24. Qxc5 Bxf1 25. Rxf1 Rxd2 26. Nd4 Qg6 27. Rf2 Rd1+ 28. Rf1 Rxf1+ 29. Kxf1 b6 30. Qc4+ Qf7 31. Qb5 g6 32. Nc6 Rc8 33. Ne5 Rc1+ 34. Kf2 Qe6 35. Qe2 Qd5 36. g4 Rd1 37. Kg3 Qd2 38. Qc4+ Qd5 39. Qc8+ Qd8 40. Qc4+ Kg7 41. Qf7+ Kh8 42. gxf5 Rh1 43. f6 Qg8 44. Qe7 h5 45. Nf7+ Kh7 46. Ng5+ Kh6 47. f7 Qc8 48. f8=Q+ Qxf8 49. Qxf8# 1-0


[Site "https://www.chess.com"]

[Event "Titled Tuesday Blitz August 31 2021"]
[White "Perez Gormaz, Matias"]
[Black "Ibrahimli, Murad"]
[WhiteFideId "3406342"]
[BlackFideId "13410229"]
[WhiteElo "2352"]
[BlackElo "2109"]
[Result "0-1"]
[Round "02"]
[TimeControl "180+1"]
[Date "2021.08.31"]
[WhiteClock "0:00:02"]
[BlackClock "0:00:32"]

1. e4 c5 2. Nf3 d6 3. d4 cxd4 4. Nxd4 Nf6 5. Nc3 a6 6. Bg5 e6 7. f4 Qb6 8. Nb3 h6 9. Bxf6 gxf6 10. Qd2 Nc6 11. O-O-O Bd7 12. Be2 h5 13. Rhf1 O-O-O 14. Kb1 Be7 15. Rf3 Kb8 16. Rh3 h4 17. Qe1 f5 18. exf5 d5 19. fxe6 Bxe6 20. Rhd3 d4 21. Qf2 Bf5 22. R3d2 Bb4 23. Nxd4 Rxd4 24. Rxd4 Bc5 25. Na4 Bxd4 26. Nxb6 Bxf2 27. Bf3 Bxb6 0-1


[Site "https://www.chess.com"]

[Event "Titled Tuesday Blitz August 31 2021"]
[White "Ponikarovsky, Alexey"]
[Black "Fernandez Hernandez, Arturo A."]
[WhiteFideId "4122887"]
[BlackFideId "3509230"]
[WhiteElo "1944"]
[BlackElo "2400"]
[Result "1/2-1/2"]
[Round "02"]
[TimeControl "180+1"]
[Date "2021.08.31"]
[WhiteClock "0:00:23"]
[BlackClock "0:00:13"]

1. e4 e5 2. d4 exd4 3. Nf3 Nc6 4. Bc4 Nf6 5. Qe2 d6 6. h3 Be7 7. O-O O-O 8. Rd1 h6 9. c3 Ne5 10. Rxd4 Nxc4 11. Rxc4 d5 12. exd5 Qxd5 13. Rd4 Qe6 14. Be3 b6 15. Nbd2 Bb7 16. Re1 Rfe8 17. Qc4 Qxc4 18. Nxc4 Bf8 19. Nfd2 c5 20. Rd3 Ba6 21. b3 Rad8 22. Rxd8 Rxd8 23. Nf3 Bxc4 24. bxc4 Ne4 25. Bxh6 Nxc3 26. Bd2 Na4 27. Bf4 f6 28. Re6 Nc3 29. Re3 Nxa2 30. Ra3 Nc1 31. Kf1 Nd3 32. Bg3 Rd7 33. Ke2 Nb2 34. Rc3 g5 35. Rc2 Nd3 36. Rd2 Nc1+ 37. Kd1 Rxd2+ 38. Kxd2 Nb3+ 39. Kc3 Na5 40. h4 gxh4 41. Nxh4 Kf7 42. Nf5 Ke6 43. Ne3 f5 44. f3 Bg7+ 45. Kd3 Bd4 46. Nd5 Be5 47. Be1 Nc6 48. g4 fxg4 49. fxg4 Bf6 50. Ke4 Bg5 51. Nc7+ Kd6 52. Bg3+ Kd7 53. Nd5 Na5 54. Kd3 Kc6 55. Nc3 a6 56. Ne4 Bh6 57. g5 Bg7 58. g6 b5 59. Nd6 Nb7 60. Nf5 Bh8 61. g7 Bxg7 62. Nxg7 Na5 63. cxb5+ axb5 64. Ne8 b4 65. Be1 Kd5 66. Nc7+ Kc6 67. Ne6 Kd5 68. Nf4+ Kc6 69. Bd2 Kb5 70. Nd5 c4+ 71. Kc2 Nc6 72. Be1 Nd4+ 73. Kb2 c3+ 1/2-1/2


[Site "https://www.chess.com"]

[Event "Titled Tuesday Blitz August 31 2021"]
[White "Poormosavi, Seyed Kian"]
[Black "Rakhmanov, Aleksandr"]
[WhiteFideId "12585807"]
[BlackFideId "4173708"]
[WhiteElo "2134"]
[BlackElo "2498"]
[Result "0-1"]
[Round "02"]
[TimeControl "180+1"]
[Date "2021.08.31"]
[WhiteClock "0:01:36"]
[BlackClock "0:02:26"]

1. e4 c5 2. Nf3 Nf6 3. Nc3 d5 4. exd5 Nxd5 5. Bb5+ Bd7 6. Qe2 Nb4 7. Bxd7+ Qxd7 8. d3 N8c6 9. a3 Nd5 10. Bd2 Nd4 11. Nxd4 cxd4 12. Nxd5 Qxd5 13. O-O e6 14. f4 Be7 15. f5 e5 16. Bb4 Bf6 0-1


[Site "https://www.chess.com"]

[Event "Titled Tuesday Blitz August 31 2021"]
[White "Postny, Evgeny"]
[Black "Isajevsky, Anton"]
[WhiteFideId "2804344"]
[BlackFideId "4142500"]
[WhiteElo "2521"]
[BlackElo "2510"]
[Result "1-0"]
[Round "02"]
[TimeControl "180+1"]
[Date "2021.08.31"]
[WhiteClock "0:00:36"]
[BlackClock "0:00:08"]

1. e4 c5 2. Nf3 d6 3. Bb5+ Nd7 4. O-O a6 5. Bd3 Ngf6 6. c3 Ne5 7. Nxe5 dxe5 8. Bc2 e6 9. a4 b6 10. Na3 Be7 11. Nc4 Qc7 12. a5 b5 13. Nb6 Rb8 14. Nxc8 Rxc8 15. d3 O-O 16. Qe2 Rfd8 17. f4 c4 18. fxe5 cxd3 19. Bxd3 Qxe5 20. Bf4 Qc5+ 21. Kh1 e5 22. Be3 Qc7 23. Bb6 Qc6 24. Bxd8 Rxd8 25. Rfd1 Nd7 26. Bc2 Nc5 27. Rxd8+ Bxd8 28. b4 Ne6 29. Qd3 h5 30. Bb3 Be7 31. Rf1 h4 32. Bxe6 Qxe6 33. Qd5 Qxd5 34. exd5 g6 35. Rd1 Bd6 36. c4 bxc4 37. b5 axb5 38. a6 Bc5 39. d6 1-0


[Site "https://www.chess.com"]

[Event "Titled Tuesday Blitz August 31 2021"]
[White "Pulpan, Jakub"]
[Black "Wagner, Dinara"]
[WhiteFideId "302759"]
[BlackFideId "24157570"]
[WhiteElo "2443"]
[BlackElo "2260"]
[Result "1-0"]
[Round "02"]
[TimeControl "180+1"]
[Date "2021.08.31"]
[WhiteClock "0:00:59"]
[BlackClock "0:00:12"]

1. Nc3 d5 2. e4 d4 3. Nce2 c5 4. Ng3 e5 5. Nf3 Nc6 6. Bc4 g6 7. c3 Bg7 8. Qb3 Qe7 9. d3 Nf6 10. Bb5 Bd7 11. Bg5 O-O 12. h4 h5 13. c4 a6 14. Bxc6 Bxc6 15. a4 b5 16. axb5 axb5 17. Rxa8 Rxa8 18. cxb5 Qb7 19. O-O Nd7 20. Rc1 Qxb5 21. Qc2 Ra2 22. Rb1 Nb6 23. Bc1 Na4 24. Nd2 Nb6 25. f3 Bd7 26. Nh1 Bc8 27. Nf2 Be6 28. Qd1 Kh7 29. b3 Qa6 30. Nc4 Nxc4 31. bxc4 Qa4 32. Qxa4 Rxa4 33. Bg5 Ra3 34. Kf1 Ra5 35. Bd2 Ra2 36. Ke1 Bf6 37. Bg5 Bxg5 38. hxg5 Ra5 39. Rb5 Ra1+ 40. Nd1 Ra2 41. Nb2 Ra1+ 42. Ke2 Rb1 43. Kd2 Rg1 44. Na4 Rxg2+ 45. Ke1 h4 46. Rb2 h3 47. Rxg2 hxg2 48. Kf2 Kg7 49. Nxc5 Bc8 50. Kxg2 f6 51. gxf6+ Kxf6 52. Kg3 g5 53. Kh2 g4 54. Kg3 gxf3 55. Kxf3 Kg5 56. Ke2 Bg4+ 57. Kd2 Kf4 58. Nb3 Bc8 59. Na5 Kf3 60. Nc6 Kf4 61. Ne7 Bd7 62. c5 Kg5 63. c6 Be6 64. c7 Kf6 65. c8=Q Bxc8 66. Nxc8 Ke6 67. Nb6 Kd6 68. Nc4+ Ke6 69. Ke2 Kf6 70. Kf3 Ke6 71. Kg4 Kf6 72. Kh5 Ke6 73. Kg6 Ke7 74. Kf5 1-0


[Site "https://www.chess.com"]

[Event "Titled Tuesday Blitz August 31 2021"]
[White "Quirke, Jeffrey"]
[Black "Levitskiy, Andrey"]
[WhiteFideId "2013029"]
[BlackFideId "14132885"]
[WhiteElo "2298"]
[BlackElo "2340"]
[Result "0-1"]
[Round "02"]
[TimeControl "180+1"]
[Date "2021.08.31"]
[WhiteClock "0:02:01"]
[BlackClock "0:02:10"]

1. d4 Nf6 2. c4 e6 3. Nc3 Bb4 4. Qc2 Nc6 5. Nf3 d6 6. Bd2 Qe7 7. a3 Bxc3 8. Bxc3 a5 9. e3 e5 10. d5 Nb8 11. Nd2 Nbd7 12. Bd3 Nc5 13. e4 a4 14. O-O O-O 15. Rae1 Nh5 16. Bb4 b6 17. Re3 Nf4 18. Be2 Qg5 19. Kh1 Qxg2# 0-1


[Site "https://www.chess.com"]

[Event "Titled Tuesday Blitz August 31 2021"]
[White "Real De Azua, Ernesto"]
[Black "Siva Mahadevan"]
[WhiteFideId "108154"]
[BlackFideId "25043153"]
[WhiteElo "2476"]
[BlackElo "2203"]
[Result "1-0"]
[Round "02"]
[TimeControl "180+1"]
[Date "2021.08.31"]
[WhiteClock "0:02:12"]
[BlackClock "0:02:07"]

1. d4 Nf6 2. Nf3 g6 3. Nbd2 d5 4. e3 Bg7 5. b4 O-O 6. Be2 a5 7. bxa5 Rxa5 8. c4 c6 9. O-O dxc4 10. Nxc4 Ra8 11. a4 Na6 12. Ba3 Nd5 13. Qb3 Qc7 14. Rfc1 Bf5 15. Nce5 Nf6 16. Bc4 e6 17. Bxf8 Re8 18. Bxg7 1-0


[Site "https://www.chess.com"]

[Event "Titled Tuesday Blitz August 31 2021"]
[White "Rustemov, Alexander"]
[Black "Piesik, Piotr"]
[WhiteFideId "4119002"]
[BlackFideId "1136194"]
[WhiteElo "2772"]
[BlackElo "2395"]
[Result "1-0"]
[Round "02"]
[TimeControl "180+1"]
[Date "2021.08.31"]
[WhiteClock "0:01:50"]
[BlackClock "0:01:54"]

1. d4 c5 2. d5 e5 3. c4 d6 4. Nc3 Be7 5. e4 Bg5 6. Bd3 Bxc1 7. Qxc1 Ne7 8. Nge2 O-O 9. O-O Nd7 10. a3 Ng6 11. b4 a5 12. bxc5 Nxc5 13. Qe3 f5 14. exf5 Bxf5 15. Bxf5 Rxf5 16. Ng3 Rf4 17. Nge4 Rc8 18. Rfc1 Nb3 19. g3 Rf5 20. Nb5 Nxa1 21. Nbxd6 Qd7 22. Nxc8 Qxc8 23. Nd6 1-0


[Site "https://www.chess.com"]

[Event "Titled Tuesday Blitz August 31 2021"]
[White "Sadovsky, Artem"]
[Black "Bacrot, Etienne"]
[WhiteFideId "4155840"]
[BlackFideId "605506"]
[WhiteElo "2442"]
[BlackElo "2673"]
[Result "0-1"]
[Round "02"]
[TimeControl "180+1"]
[Date "2021.08.31"]
[WhiteClock "0:01:04"]
[BlackClock "0:00:35"]

1. Nf3 d5 2. g3 Nf6 3. Bg2 c5 4. O-O Nc6 5. c4 d4 6. e3 e5 7. exd4 exd4 8. Re1+ Be7 9. d3 O-O 10. Ne5 Nxe5 11. Rxe5 Bd6 12. Re1 Bg4 13. Qb3 Re8 14. Rxe8+ Qxe8 15. Bd2 Rb8 16. Na3 Qe2 17. Bg5 Nd7 18. Nb5 Bf8 19. Bf4 Re8 20. h3 Bf3 21. Bf1 Qe7 22. Nc7 Rd8 23. Nd5 Bxd5 24. cxd5 Nb6 25. Bg2 Qd7 0-1


[Site "https://www.chess.com"]

[Event "Titled Tuesday Blitz August 31 2021"]
[White "Samsonkin, Artiom"]
[Black "Bazarov, Konstantin"]
[WhiteFideId "13503111"]
[BlackFideId "4137000"]
[WhiteElo "2513"]
[BlackElo "2122"]
[Result "1-0"]
[Round "02"]
[TimeControl "180+1"]
[Date "2021.08.31"]
[WhiteClock "0:01:44"]
[BlackClock "0:01:45"]

1. e4 d5 2. exd5 Qxd5 3. Nf3 Nc6 4. Nc3 Qd6 5. d4 Nf6 6. h3 Bf5 7. d5 Nb4 8. Nd4 Bg6 9. Bb5+ Kd8 10. O-O Nbxd5 11. Nxd5 Nxd5 12. c4 Nf6 13. Bf4 e5 14. Bxe5 Qe7 15. Nc6+ 1-0


[Site "https://www.chess.com"]

[Event "Titled Tuesday Blitz August 31 2021"]
[White "Sargsyan, Anna M."]
[Black "Jobava, Baadur"]
[WhiteFideId "13308130"]
[BlackFideId "13601520"]
[WhiteElo "2263"]
[BlackElo "2748"]
[Result "1-0"]
[Round "02"]
[TimeControl "180+1"]
[Date "2021.08.31"]
[WhiteClock "0:00:14"]
[BlackClock "0:01:21"]

1. e4 e5 2. Nf3 Nf6 3. Nc3 d6 4. d4 Nbd7 5. Bd3 Be7 6. O-O O-O 7. h3 b6 8. Re1 Bb7 9. Bg5 Re8 10. Qd2 h6 11. Bh4 Nh5 12. Bxe7 Qxe7 13. Nd5 Qd8 14. Ne3 Nf4 15. Nf5 Qf6 16. dxe5 dxe5 17. Bb5 Nc5 18. Bxe8 Rxe8 19. Ng3 Nxh3+ 20. gxh3 Qxf3 21. Qe3 Qf6 22. Rad1 Ne6 23. Kh2 Ng5 24. Kg2 Bc8 25. Rh1 Ne6 26. Nf5 Nf4+ 27. Kh2 Bxf5 28. exf5 Qxf5 29. c3 e4 30. Rhg1 Nd3 31. Rg2 Kh7 32. Rxd3 Qe5+ 33. f4 exf3+ 34. Qxe5 Rxe5 35. Rxf3 f5 36. Rgf2 Kg6 37. Rg3+ Kf6 38. c4 g5 39. Rd3 f4 40. b3 h5 41. Rd7 Rc5 42. Kg2 a5 43. Rh7 Kg6 44. Rd7 c6 45. h4 b5 46. hxg5 Kxg5 47. cxb5 cxb5 48. Rg7+ Kf6 49. Rg8 Kf7 50. Rh8 Kg7 51. Rd8 Rg5+ 52. Kh3 Rg3+ 53. Kh4 Rg1 54. Rxf4 Rh1+ 55. Kg3 Ra1 56. Rd7+ Kg6 57. Rf2 b4 58. Rd6+ Kg7 59. Rd5 Kg6 60. Rc2 1-0


[Site "https://www.chess.com"]

[Event "Titled Tuesday Blitz August 31 2021"]
[White "Sarkar, Justin"]
[Black "Nasuta, Grzegorz"]
[WhiteFideId "2010011"]
[BlackFideId "1141686"]
[WhiteElo "2094"]
[BlackElo "2320"]
[Result "0-1"]
[Round "02"]
[TimeControl "180+1"]
[Date "2021.08.31"]
[WhiteClock "0:00:05"]
[BlackClock "0:00:24"]

1. d4 d5 2. c4 e6 3. Nc3 c6 4. Nf3 dxc4 5. g3 b5 6. Bg2 Bb7 7. O-O Nf6 8. Ne5 Qc8 9. b3 b4 10. Na4 c3 11. a3 Nbd7 12. axb4 Bxb4 13. Ba3 Bxa3 14. Rxa3 c5 15. Bxb7 Qxb7 16. Nxc5 Nxc5 17. dxc5 O-O 18. c6 Qb5 19. Qd4 c2 20. Qc3 Ne4 0-1


[Site "https://www.chess.com"]

[Event "Titled Tuesday Blitz August 31 2021"]
[White "Sharapov, Evgeny"]
[Black "Goltsev, Dmitry"]
[WhiteFideId "14103133"]
[BlackFideId "24176710"]
[WhiteElo "2367"]
[BlackElo "2369"]
[Result "0-1"]
[Round "02"]
[TimeControl "180+1"]
[Date "2021.08.31"]
[WhiteClock "0:00:02"]
[BlackClock "0:00:07"]

1. e4 e6 2. d4 d5 3. Nc3 Nf6 4. Bg5 Be7 5. e5 Nfd7 6. Bxe7 Qxe7 7. f4 a6 8. Nf3 c5 9. dxc5 Nxc5 10. Bd3 Nc6 11. O-O b5 12. a3 Bb7 13. b4 Nd7 14. Ne2 g6 15. Ned4 Nb6 16. Nxc6 Bxc6 17. Nd4 Bb7 18. Kh1 h5 19. Qe2 Rc8 20. Qf2 Qc7 21. Nb3 Na4 22. Qd4 Ke7 23. Rae1 Qb6 24. Qxb6 Nxb6 25. Nc5 Rxc5 26. bxc5 Na4 27. Kg1 Rc8 28. Kf2 d4 29. Rb1 Nxc5 30. Rb2 h4 31. Rd1 Bd5 32. Rd2 Rd8 33. Rb4 Bc6 34. Ke1 a5 35. Rb1 Na4 36. Bf1 Nc3 37. Rb3 Bd5 38. Rb2 Bc6 39. Rb3 b4 40. axb4 a4 41. Ra3 Nb1 42. Ra1 Nxd2 43. Kxd2 Rb8 44. b5 Bxb5 45. Rb1 a3 46. Bxb5 a2 47. Ra1 Rxb5 48. Rxa2 Rb1 49. Ra7+ Kf8 50. Ra8+ Kg7 51. Ke2 Rc1 52. Rc8 d3+ 53. Kxd3 Rg1 54. g3 h3 55. c4 Rxg3+ 56. Ke4 Rg2 57. c5 Rxh2 58. Ra8 Rc2 59. Ra3 h2 60. Rh3 Kf8 61. c6 Ke7 62. Rh8 Re2+ 63. Kd3 Re1 64. Rxh2 Rc1 65. Ke4 Rc4+ 66. Ke3 Rxc6 67. Ra2 Rc4 68. Kf3 Kf8 69. Kg4 Rc1 70. Ra7 Kg7 71. Kg5 Rg1+ 72. Kh4 g5+ 73. fxg5 Kg6 74. Rb7 Rxg5 75. Rxf7 Rxe5 76. Rf1 Rf5 77. Re1 Kf6 78. Kg4 Ke7 79. Re4 Rf7 80. Kg3 Kd6 81. Rf4 Rxf4 82. Kxf4 Kd5 0-1


[Site "https://www.chess.com"]

[Event "Titled Tuesday Blitz August 31 2021"]
[White "Shkapenko, Pavel"]
[Black "Martic, Ivan"]
[WhiteFideId "4151933"]
[BlackFideId "929301"]
[WhiteElo "2386"]
[BlackElo "2335"]
[Result "1-0"]
[Round "02"]
[TimeControl "180+1"]
[Date "2021.08.31"]
[WhiteClock "0:00:06"]
[BlackClock "0:00:54"]

1. e4 c5 2. c3 Nf6 3. e5 Nd5 4. d4 cxd4 5. cxd4 e6 6. Nc3 Nxc3 7. bxc3 Qc7 8. Bd2 d6 9. f4 Nd7 10. Bd3 Be7 11. Nh3 b6 12. O-O Bb7 13. Qg4 g6 14. Ng5 Nf8 15. c4 h6 16. Ne4 d5 17. cxd5 Bxd5 18. a3 Qd7 19. Qe2 Nh7 20. Bb4 Kf8 21. Bxe7+ Qxe7 22. Nd6 Rd8 23. Rac1 Kg7 24. Rc2 Rxd6 25. exd6 Qxd6 26. Qe5+ Qxe5 27. fxe5 Rd8 28. Rc7 Rf8 29. Rxa7 Kg8 30. Rc1 h5 31. Rcc7 h4 32. Bxg6 Ng5 33. Bb1 h3 34. gxh3 Nf3+ 35. Kf2 Nxd4 36. Rc1 Nc6 37. Ra6 Nxe5 38. Rxb6 Ra8 39. Rc3 Kg7 40. Rg3+ Kf6 41. Rb4 Rc8 42. h4 Rc1 43. h5 Rd1 44. Ke3 Re1+ 45. Kd2 Rh1 46. Rh3 Nf3+ 47. Ke3 Ng5 48. Rg3 Re1+ 49. Kd2 Rf1 50. h6 Rf2+ 51. Ke3 Rxh2 52. Rf4+ Ke7 53. Rxg5 Rxh6 54. Rg7 e5 55. Rf5 Be6 56. Rxe5 Kf6 57. Reg5 Rh3+ 58. Rg3 Rh1 59. Bd3 Re1+ 60. Kd2 Ra1 61. Rg8 Ra2+ 62. Ke3 Rxa3 63. Rd8 Ke7 64. Rd4 Ra1 65. Rg2 Re1+ 66. Re2 Ra1 67. Kf2 Rh1 68. Kg2 Rd1 69. Kf2 Ra1 70. Bc4 Ra4 71. Ree4 Rb4 72. Bxe6 Rb2+ 73. Re2 Rb6 74. Ba2+ Kf6 75. Rf4+ Kg5 76. Rxf7 Ra6 77. Rf3 Kg4 78. Rg3+ Kf4 79. Rf3+ Kg4 80. Bc4 Rc6 81. Bd3 Rd6 82. Re4+ Kg5 83. Be2 Kg6 84. Rb4 Rc6 85. Rd3 Rf6+ 86. Ke1 Rc6 87. Rdb3 Rc1+ 88. Kd2 Rc6 89. Rb6 1-0


[Site "https://www.chess.com"]

[Event "Titled Tuesday Blitz August 31 2021"]
[White "Sihite, Chelsie Monica Ignesias"]
[Black "Chasin, Nico"]
[WhiteFideId "7101198"]
[BlackFideId "30908477"]
[WhiteElo "2224"]
[BlackElo "2065"]
[Result "0-1"]
[Round "02"]
[TimeControl "180+1"]
[Date "2021.08.31"]
[WhiteClock "0:00:16"]
[BlackClock "0:00:08"]

1. c4 a5 2. g3 e6 3. Bg2 Nf6 4. Nf3 d5 5. O-O Be7 6. d4 O-O 7. Ne5 c6 8. Nc3 Na6 9. a3 Nc7 10. c5 Rb8 11. Na4 Nd7 12. Nxd7 Bxd7 13. Nb6 Na8 14. Nxa8 Rxa8 15. Qb3 b6 16. cxb6 Rb8 17. b7 Qc7 18. Bd2 Rxb7 19. Qc2 Rfb8 20. Rab1 Qb6 21. Bc3 Qb3 22. Qd2 a4 23. Rbc1 Qb5 24. e4 Be8 25. f4 dxe4 26. Bxe4 Rd7 27. Qg2 Rdd8 28. f5 c5 29. dxc5 Bxc5+ 30. Kh1 Bd4 31. fxe6 Bxc3 32. bxc3 fxe6 33. Qh3 Bh5 34. Qxe6+ Kh8 35. c4 Qb2 36. Qh3 Qe5 37. Rce1 Re8 38. Rf5 Qc3 39. Ref1 Bg6 40. Bd5 Bxf5 41. Qxf5 Re1 42. Kg2 Rxf1 43. Qxf1 Qxa3 44. Qf7 Qb2+ 45. Kh3 a3 46. c5 Qe5 47. c6 Rc8 48. Qd7 Qc7 49. Qe6 Rd8 50. Ba2 Qd6 51. Qe4 Qh6+ 52. Kg4 Qxh2 53. c7 Rc8 54. Qe6 h5+ 55. Kg5 Qxg3+ 56. Kxh5 Qxc7 57. Kg5 Qc5+ 58. Kg4 Rd8 59. Qe2 Rd4+ 60. Kh3 Qc3+ 61. Kg2 Rd2 62. Kf1 Rxe2 63. Kxe2 Qb2+ 0-1


[Site "https://www.chess.com"]

[Event "Titled Tuesday Blitz August 31 2021"]
[White "Siniauski, Artsiom"]
[Black "Srihari L R"]
[WhiteFideId "13512269"]
[BlackFideId "46617116"]
[WhiteElo "2210"]
[BlackElo "2121"]
[Result "1-0"]
[Round "02"]
[TimeControl "180+1"]
[Date "2021.08.31"]
[WhiteClock "0:00:09"]
[BlackClock "0:00:04"]

1. e4 c5 2. Nf3 Nf6 3. e5 Nd5 4. Nc3 e6 5. Nxd5 exd5 6. d4 Nc6 7. dxc5 Bxc5 8. Bd3 h6 9. O-O O-O 10. Bf4 d6 11. exd6 Bxd6 12. Bxd6 Qxd6 13. Qd2 Bg4 14. Be2 Rfe8 15. h3 Bh5 16. Rfe1 Rad8 17. Nh2 Bxe2 18. Rxe2 Rxe2 19. Qxe2 Nd4 20. Qd3 Qb6 21. Rd1 Ne6 22. Qb3 Qc6 23. Nf3 d4 24. Qd3 Nf4 25. Qf5 Ne6 26. Ne5 Qc7 27. Re1 d3 28. cxd3 Nd4 29. Qe4 Qc2 30. Qxb7 Rf8 31. Qxa7 Qxb2 32. Qc5 Ra8 33. Qd5 Rf8 34. Re4 Ne2+ 35. Kh2 Nc3 36. Qd4 f6 37. Ng6 Qb8+ 38. Rf4 Rc8 39. Ne7+ Kh8 40. Nxc8 Ne2 41. Qd8+ Kh7 42. g3 Nxf4 43. gxf4 Qxf4+ 44. Kg2 Qg5+ 45. Kf1 Qc1+ 46. Ke2 Qc2+ 47. Ke3 Qc1+ 48. Ke4 Qe1+ 49. Kd5 Qe5+ 50. Kc6 Qc3+ 51. Kb7 Qb2+ 52. Nb6 Qxa2 53. Qd5 Qxf2 54. Qe4+ f5 55. Qe5 Qf3+ 56. Qd5 Qxh3 57. d4 f4 58. Qe4+ Kh8 59. Qxf4 Qg2+ 60. d5 h5 61. Kc7 Qc2+ 62. Kb8 Qb2 63. Qf8+ Kh7 64. Qf5+ g6 65. Qd7+ Kh6 66. Qc7 h4 67. d6 h3 68. d7 h2 69. d8=Q h1=Q 70. Qf4+ Kh7 71. Qf7+ Qg7 72. Qdg8+ Kh6 73. Qfxg7+ Kg5 74. Qxg6+ Kf4 75. Qd6+ Ke3 76. Qb3+ Kf2 77. Qf4+ Ke2 78. Qbe3+ Kd1 79. Qd2# 1-0


[Site "https://www.chess.com"]

[Event "Titled Tuesday Blitz August 31 2021"]
[White "Sipila, Vilka"]
[Black "Najdin, Danil"]
[WhiteFideId "505455"]
[BlackFideId "4172426"]
[WhiteElo "2334"]
[BlackElo "2193"]
[Result "1-0"]
[Round "02"]
[TimeControl "180+1"]
[Date "2021.08.31"]
[WhiteClock "0:01:35"]
[BlackClock "0:00:30"]

1. d4 Nf6 2. c4 g6 3. g3 Bg7 4. Bg2 O-O 5. Nf3 d6 6. O-O Nc6 7. Nc3 a6 8. b3 Rb8 9. d5 Na5 10. Bd2 c5 11. dxc6 bxc6 12. e4 Nd7 13. Qe2 c5 14. Rad1 Nc6 15. Nd5 e6 16. Nc3 Nd4 17. Nxd4 Bxd4 18. Na4 Ne5 19. Bc3 Nc6 20. Qd3 e5 21. Kh1 Bd7 22. Qd2 Kg7 23. f4 Bg4 24. Rde1 Qd7 25. f5 gxf5 26. h3 f4 27. hxg4 Qxg4 28. Bf3 Qxg3 29. Rg1 Bxg1 30. Rxg1 Kh8 31. Rxg3 fxg3 32. Qxd6 Nd4 33. Qf6+ Kg8 34. Bg4 Rbd8 35. Nxc5 1-0


[Site "https://www.chess.com"]

[Event "Titled Tuesday Blitz August 31 2021"]
[White "Skatchkov, Valery"]
[Black "Zhigalko, Sergei"]
[WhiteFideId "24195812"]
[BlackFideId "13502956"]
[WhiteElo "2199"]
[BlackElo "2662"]
[Result "0-1"]
[Round "02"]
[TimeControl "180+1"]
[Date "2021.08.31"]
[WhiteClock "0:02:23"]
[BlackClock "0:01:45"]

1. d4 Nf6 2. c4 e6 3. Nf3 b6 4. g3 Ba6 5. b3 Bb4+ 6. Bd2 Be7 7. Bg2 c6 8. O-O d5 9. Bc3 Nbd7 10. Nbd2 O-O 11. Qc2 c5 12. dxc5 Nxc5 13. Rfd1 Rc8 14. Rac1 h6 15. Qb2 Qd7 16. cxd5 exd5 17. e4 Nd3 0-1


[Site "https://www.chess.com"]

[Event "Titled Tuesday Blitz August 31 2021"]
[White "Skliarov, Viktor"]
[Black "Suvorov, Luca"]
[WhiteFideId "14106736"]
[BlackFideId "12977071"]
[WhiteElo "2281"]
[BlackElo "2127"]
[Result "1-0"]
[Round "02"]
[TimeControl "180+1"]
[Date "2021.08.31"]
[WhiteClock "0:00:06"]
[BlackClock "0:00:02"]

1. e4 e5 2. Nc3 Nf6 3. Bc4 Nc6 4. d3 Na5 5. Nge2 a6 6. O-O b5 7. Bb3 Bb7 8. f4 Nxb3 9. axb3 Bc5+ 10. Kh1 Ng4 11. Qe1 d6 12. Qg3 h5 13. Nd5 Bxd5 14. exd5 Qf6 15. Bd2 Qg6 16. f5 Qh7 17. b4 Bb6 18. Nc3 Nf6 19. Bg5 Kd7 20. Bxf6 gxf6 21. Ne4 Ke7 22. Qh4 Qh6 23. c4 Bd4 24. cxb5 axb5 25. Ra5 Rxa5 26. bxa5 b4 27. b3 Ra8 28. Ng3 Rxa5 29. Nxh5 Ra8 30. g4 Qg5 31. Qxg5 fxg5 32. f6+ Kd7 33. Ng7 Ra3 34. h4 gxh4 35. g5 e4 36. dxe4 Rxb3 37. Nf5 Be5 38. g6 Rh3+ 39. Kg2 Rh2+ 40. Kf3 Ke8 41. g7 Rh3+ 42. Kg4 Rh2 43. g8=Q+ 1-0


[Site "https://www.chess.com"]